 Dungeon Crawl Stone Soup version 0.29-a0-821-g66395355a5 (webtiles) character file.

Game seed: 7442712849252989916

148 IdlyInterested the Trooper (level 5, -1/42 HPs)
             Began as a Demonspawn Fighter on July 7, 2022.
             Slain by a gnoll
             ... wielding a +0 spear
              (6 damage)
             ... on level 3 of the Dungeon.
             The game lasted 00:05:27 (2748 turns).

IdlyInterested the Trooper (Demonspawn Fighter)     Turns: 2748, Time: 00:05:27

Health: -1/42      AC: 10    Str: 16    XL:     5   Next: 8%
Magic:  5/5        EV:  6    Int:  9    God:
Gold:   135        SH:  5    Dex: 15    Spells: 4/4 levels left

rFire   . . .      SeeInvis .   a - +0 flail
rCold   . . .      Faith    .   c - +0 buckler
rNeg    . . .      Spirit   .   k - +0 chain mail
rPois   .          Reflect  .   (helmet restricted)
rElec   .          Harm     .   (no cloak)
rCorr   .          Rampage  .   (no gloves)
Will    .....                   b - +0 pair of boots
Stlth   ..........              (no amulet)
HPRegen 0.14/turn               (no ring)
MPRegen 0.18/turn               (no ring)

@: no status effects
A: antennae 1, magic regeneration
a: no special abilities


You were on level 3 of the Dungeon.
You visited 1 branch of the dungeon, and saw 3 of its levels.

You collected 135 gold pieces.

Inventory:

Hand Weapons
 a - a +0 flail (weapon)
Armour
 b - a +0 pair of boots (worn)
 c - a +0 buckler (worn)
 k - a +0 chain mail (worn)
Magical Staves
 j - a staff of fire
Scrolls
 g - a scroll of vulnerability {unknown}
Potions
 d - a potion of might
 e - a potion of heal wounds
 f - a potion of resistance


   Skills:
 + Level 3.7 Fighting
 * Level 3.5 Maces & Flails
 - Level 3.0 Armour
 + Level 1.3 Dodging
 * Level 3.0 Shields


You had 4 spell levels left.
You didn't know any spells.
Your spell library contained the following spells:

 Spells                   Type           Power      Damage    Failure   Level
 Slow                     Hex            0%         N/A       100%        1
 Confusing Touch          Hex            0%         N/A       100%        3
 Vampiric Draining        Necr           0%         2d6       100%        3


Dungeon Overview and Level Annotations

Branches:
Dungeon (3/15)

Altars:


Innate Abilities, Weirdness & Mutations

You have a pair of small antennae on your head.
You regenerate magic rapidly.


Message History

You closely miss the bat. The bat completely misses you.
The gnoll hits you from afar with a +0 spear.
You closely miss the bat. The bat hits you.
The gnoll hits you but does no damage. The bat hits you but does no damage.
You block the gnoll's attack.
You closely miss the bat. The bat barely misses you.
You block the bat's attack. The bat hits you. You block the gnoll's attack.
You closely miss the bat. You block the bat's attack.
The bat hits you but does no damage. You block the gnoll's attack.
You hit the bat but do no damage. You block the bat's attack.
The bat hits you but does no damage.
The gnoll hits you from afar with a +0 spear.
You hit the bat.
The bat is severely wounded.
The bat hits you. The gnoll hits you but does no damage.
The bat barely misses you. The gnoll barely misses you.
You closely miss the bat.
The bat is severely wounded.
The bat dissolves into shadows!
The gnoll hits you from afar with a +0 spear.
A gnoll comes into view. It is wielding a +0 whip.
The gnoll shouts!
The gnoll hits you with a +0 spear.
Items here: ( ) ? †.
You closely miss the gnoll. The gnoll hits you but does no damage.
The orc shouts!
You hit the gnoll but do no damage. The gnoll barely misses you.
The orc priest miscasts a cantrip.
You block the gnoll's attack.
You hit the gnoll.
The gnoll is lightly wounded.
The orc priest calls down the wrath of Beogh upon you.
Beogh smites you!
* * * LOW HITPOINT WARNING * * *
The gnoll hits you but does no damage.
You hit the gnoll but do no damage.
The gnoll is lightly wounded.
Reactivating autopickup.
The gnoll hits you with a +0 spear.
You die...

######################
.......gog@.........>#
#.....o.#####.##.#####
#....o{.# #.##.....#
#.......# #.######.#
#...gg..# #.# #.#
#.o.....# #.# #.#
#.......# #.# #.######
#.......#
#.######.##....
#.......#
#........##.##.


You could see an orc priest (summoned), 2 gnolls and 2 orcs.

Vanquished Creatures
  An orc priest (D:3)
  Natasha (twice) (D:3)
  A gnoll (D:3)
  A worm (D:2)
  A dart slug (D:2)
  7 orcs
  An endoplasm (D:2)
  3 giant cockroaches
  4 goblins
  8 hobgoblins
  4 kobolds
  A quokka (D:3)
  4 ball pythons
  4 bats
  7 frilled lizards
  2 rats (D:1)
51 creatures vanquished.

Vanquished Creatures (others)
  A fungus (D:1)
1 creature vanquished.

Grand Total: 52 creatures vanquished

Notes
Turn   | Place    | Note
-------+----------+-------------------------------------------
     0 | D:1      | IdlyInterested the Demonspawn Fighter began the quest for
                  | the Orb.
     0 | D:1      | Reached XP level 1. HP: 18/18 MP: 1/1
   389 | D:1      | Gained mutation: You regenerate magic rapidly. [demonic
                  | ancestry]
   389 | D:1      | Reached XP level 2. HP: 24/24 MP: 2/2
   534 | D:1      | Found a faded altar of an unknown god.
  1046 | D:2      | Reached XP level 3. HP: 7/29 MP: 3/3
  2189 | D:3      | Gained mutation: You have a pair of small antennae on your
                  | head. [demonic ancestry]
  2189 | D:3      | Reached XP level 4. HP: 18/35 MP: 4/4
  2193 | D:3      | Reached skill level 1 in Dodging
  2508 | D:3      | Noticed Natasha
  2517 | D:3      | Killed Natasha
  2534 | D:3      | Noticed Natasha
  2538 | D:3      | Killed Natasha
  2620 | D:3      | Reached XP level 5. HP: 42/42 MP: 5/5
  2748 | D:3      | Slain by a gnoll

Illustrated notes

Levels and vault maps discovered:
D:1:      eino_arrival_cavern_e, layout_basic, dreamdust_ecumenical_altar_grove,
          minmay_misc_feat_tiny
D:2:      layout_loops_corners, serial_park_tiny_pond
D:3:      layout_basic, uniq_natasha, uniq_robin

Skill      XL: |  1  2  3  4 |
---------------+-------------+-----
Maces & Flails | 2 3 |  3.5
Armour         | 3 |  3.0
Dodging        | 1 |  1.3
Shields        | 3 |  3.0
Fighting       | |  3.7

Action                   |  1- 3 |  4- 6 || total
-------------------------+-------+-------++-------
Melee: Flail             |   118 |    47 ||   165
  Use: Scroll            |     6 |       ||     6
       Potion            |     2 |       ||     2
Armor: Scale mail        |    31 |       ||    31
       Chain mail        |    23 |    31 ||    54
Dodge: Dodged            |    40 |    16 ||    56
Block: Buckler           |    19 |    13 ||    32

Table legend: (Time is in decaauts)
 A = Elapsed time spent in this place.
 B = Non-inter-level travel time spent in this place.
 C = Inter-level travel time spent in this place.
 D = Time resting spent in this place.
 E = Time spent auto-exploring this place.
 F = Levels seen in this place.
 G = Mean time per level.
                   A        B        C        D        E       F      G
               +--------+--------+--------+--------+--------+-----+--------+
         Total |   2796 |   2770 |     26 |    765 |   1489 |   3 |  932.0 |
       Dungeon |   2796 |   2770 |     26 |    765 |   1489 |   3 |  932.0 |
               +--------+--------+--------+--------+--------+-----+--------+

Top non-repeatable levels by time:
     D:2: 1465 daAuts
     D:1: 719 daAuts
     D:3: 611 daAuts
